 Dungeon Crawl Stone Soup version 0.23.2-33-g5129a83184 (webtiles) character file.

Game seed: 8945940532969840669

44 DildoBatman the Magician (level 3, -6/24 HPs)
             Began as a Formicid Wizard on July 8, 2019.
             Mangled by an ogre
             ... wielding a +0 giant club
              (22 damage)
             ... on level 2 of the Dungeon.
             The game lasted 00:04:31 (1786 turns).

DildoBatman the Magician (Formicid Wizard)          Turns: 1786, Time: 00:04:32

Health: -6/24      AC:  2    Str: 11    XL:     3   Next: 87%
Magic:  2/7        EV: 12    Int: 18    God:
Gold:   57         SH:  0    Dex:  9    Spells: 1/8 levels left

rFire    + . .     SeeInvis +   a - +0 rapier
rCold    x . .     Gourm    +   (no shield)
rNeg     . . .     Faith    .   p - +0 robe
rPois    .         Spirit   .   (helmet unavailable)
rElec    .         Reflect  .   (no cloak)
rCorr    .         Harm     .   (no gloves)
MR       .....                  (no boots)
Stlth    ++........             g - amulet of the gourmand
HPRegen  0.08/turn              x - ring of fire
MPRegen  0.10/turn              (no ring)

@: very slightly contaminated
A: permanent stasis, dig shafts and tunnels, four strong arms, antennae 3
a: Dig, Shaft Self


You were on level 2 of the Dungeon.
You were not hungry.

You visited 1 branch of the dungeon, and saw 2 of its levels.

You collected 57 gold pieces.

Inventory:

Hand Weapons
 a - a +0 rapier (weapon)
Missiles
 c - 56 arrows
 f - 62 stones (quivered)
 h - 25 bolts
 l - 6 curare-tipped needles
 r - 18 sling bullets
Armour
 p - a +0 robe (worn)
Jewellery
 g - an amulet of the gourmand (around neck)
 x - a ring of fire (left hand)
Wands
 s - a wand of iceblast (7)
Scrolls
 d - 3 scrolls of identify {unknown}
 e - a scroll of remove curse {unknown}
 i - a scroll of noise {unknown}
 k - a scroll of teleportation {unknown}
 m - a scroll of blinking {unknown}
 n - a scroll of fear {unknown}
 o - a scroll of amnesia {unknown}
 w - a scroll of fog {unknown}
Potions
 b - a potion of degeneration {unknown}
 j - a potion of curing {unknown}
 q - 2 potions of resistance {unknown}
 t - a potion of brilliance {unknown}
 u - a potion of invisibility {unknown}
Comestibles
 v - 4 rations


   Skills:
 - Level 1.7 Dodging
 - Level 2.4 Stealth
 - Level 3.2 Spellcasting
 * Level 3.1 Conjurations
   Level 1.0 Summonings
   Level 0.8 Translocations


You had one spell level left.
You knew the following spells:

 Your Spells              Type           Power        Failure   Level  Hunger
a - Conjure Flame         Conj/Fire      ##......     26%         3    ###....
c - Magic Dart            Conj           ##..         4%          1    None
e - Mephitic Cloud        Conj/Pois/Air  #.......     30%         3    ###....

Your spell library contained the following spells:

 Spells                   Type           Power        Failure   Level  Hunger
 Call Imp                 Summ           #.......     16%         2    ##.....
 Slow                     Hex            #.......     24%         2    ##.....
 Blink                    Tloc           Unusable     N/A         2    N/A

Dungeon Overview and Level Annotations

Branches:
Dungeon (2/15)

Altars:

Annotations:
D:1 Sigmund
D:2 1 exclusion


Innate Abilities, Weirdness & Mutations

You cannot be hasted, slowed, berserked, paralysed or teleported.
You can dig through walls and to a lower floor.
Your four strong arms can wield two-handed weapons with a shield.
You have a pair of large antennae on your head. (SInv)


Message History

Aim: an ogre, wielding a +0 giant club (heavily wounded)
The magic dart hits the ogre.
The ogre is severely wounded.
Casting: Magic Dart (safe; 4% risk of failure)
Confirm with . or Enter, or press ? or * to list all spells.
Aiming: Magic Dart (safe; 4% risk of failure)
Press: ? - help, Shift-Dir - straight line, f/p - ogre
Aim: an ogre, wielding a +0 giant club (severely wounded)
The magic dart hits the ogre.
The ogre is severely wounded.
Casting: Magic Dart (safe; 4% risk of failure)
Confirm with . or Enter, or press ? or * to list all spells.
Aiming: Magic Dart (safe; 4% risk of failure)
Press: ? - help, Shift-Dir - straight line, f/p - ogre
Aim: an ogre, wielding a +0 giant club (severely wounded)
The magic dart hits the ogre.
The ogre is almost dead.
The ogre hits you with a +0 giant club!!
Ouch! That really hurt!
You die...

##.#.##### #.#######.#####
#.#
#........###.#...........#
#.#
##.#.##.#.##...###.#.###.#
#.# #.#.#.###.....#
#.#.###.###.#
#.#....#......###[#.........#
#.#####.###.......#####.#####
#.# ### ##.###### #.# #.#
#.#...######.# #.####
#.#.@........# #....#
##'#.O#.#.#..## ####.#
##............# ###.#
##......#.#.#..# ##.#.#
##..............####
##....###....>...#.#.#.....#
........'.................##
##.>.####..........###...##
##.## ##.......### ##.###


You could see an ogre.

Vanquished Creatures
  2 adders (D:2)
  A worm (D:2)
  A dart slug (D:2)
  A leopard gecko (D:2)
  2 giant cockroaches (D:1)
  3 goblins (D:2)
  5 hobgoblins
  A bat (D:1)
  A frilled lizard (D:1)
  3 rats (D:2)
20 creatures vanquished.

Notes
Turn   | Place    | Note
-------+----------+-------------------------------------------
     0 | D:1      | DildoBatman the Formicid Wizard began the quest for the
                  | Orb.
     0 | D:1      | Reached XP level 1. HP: 13/13 MP: 4/4
    63 | D:1      | Reached skill level 1 in Conjurations
   293 | D:1      | Reached XP level 2. HP: 9/19 MP: 0/6
   631 | D:2      | Noticed Sigmund
  1071 | D:2      | Reached XP level 3. HP: 13/24 MP: 3/7
  1076 | D:2      | Learned a level 3 spell: Conjure Flame
  1080 | D:2      | Learned a level 3 spell: Mephitic Cloud
  1553 | D:2      | Noticed an ogre
  1786 | D:2      | Mangled by an ogre

Skill      XL: |  1  2  3 |
---------------+----------+-----
Conjurations   | 1 2 3 |  3.1
Dodging        | |  1.7
Stealth        | |  2.4
Spellcasting   | |  3.2
Summonings     | |  1.0
Translocations | |  0.8

Action                   || total
-------------------------++-------
Melee: Unarmed           ||     7
       Club              ||     6
       Rapier            ||    19
 Cast: Magic Dart        ||    75
       Mephitic Cloud    ||     2
 Abil: Dig               ||     4
 Stab: Sleeping          ||     1
  Eat: Chunk             ||     6
Armor: Robe              ||     8
Dodge: Dodged            ||    18
